 Dungeon Crawl Stone Soup version 0.27.1-35-g4d5d836560 (webtiles) character file.

Game seed: 10934452223040318322

103 CrazyMind the Sneak (level 4, 0/27 HPs)
             Began as an Octopode Earth Elementalist on July 9, 2022.
             Succumbed to an orc's poison
             ... on level 4 of the Dungeon.
             The game lasted 00:07:04 (3508 turns).

CrazyMind the Sneak (Octopode Earth Elementalist)   Turns: 3508, Time: 00:07:05

Health: 0/27       AC:  1    Str:  7    XL:     4   Next: 79%
Magic:  7/7        EV: 13    Int: 18    God:
Gold:   68         SH:  0    Dex: 18    Spells: 1/7 levels left

rFire    . . .     SeeInvis .   f - +1 dagger
rCold    . . .     Faith    .   (no shield)
rNeg     . . .     Spirit   .   (helmet restricted)
rPois    .         Reflect  .   (no amulet)
rElec    .         Harm     .   m - +6 ring of dexterity
rCorr    .         Rampage  .   (no ring)
Will     .....                  (no ring)
Stlth    ++++......             (no ring)
HPRegen  0.09/turn              (no ring)
MPRegen  0.10/turn              (no ring)
                                (no ring)
                                (no ring)

@: mighty, brilliant, lethally poisoned (0 -> -18)
A: almost no armour, amphibious, 8 rings, camouflage 1, gelatinous body 1,
(nimble swimmer 1), tentacles
a: no special abilities


You were on level 4 of the Dungeon.
You visited 1 branch of the dungeon, and saw 4 of its levels.

You collected 68 gold pieces.

Inventory:

Hand Weapons
 f - a +1 dagger (weapon)
Missiles
 b - 71 stones
 g - 9 poisoned darts
 i - 7 silver javelins
 n - a throwing net
Jewellery
 m - a +6 ring of dexterity (left tentacle)
Scrolls
 c - a scroll of teleportation {unknown}
 e - a scroll of noise {unknown}
 h - a scroll of fog {unknown}
 k - 2 scrolls of identify {unknown}


   Skills:
 + Level 0.5 Fighting
 + Level 2.1 Dodging
 + Level 4.4 Stealth
 + Level 2.4 Spellcasting
 * Level 0.9 Conjurations
 - Level 1.0 Transmutations
 * Level 4.0 Earth Magic


You had one spell level left.
You knew the following spells:

 Your Spells              Type           Power      Damage    Failure   Level
a - Sandblast             Erth           50%        2d12      3%          1
b - Passwall              Tmut/Erth      14%        N/A       10%         2
c - Stone Arrow           Conj/Erth      32%        3d9       19%         3

Your spell library contained the following spells:

 Spells                   Type           Power      Damage    Failure   Level
 Blink                    Tloc           N/A        N/A       26%         2
 Lesser Beckoning         Tloc           1%         N/A       45%         3
 Petrify                  Tmut/Erth      17%        N/A       52%         4
 Iskenderun's Battlesphe  Conj           8%         2d6       97%         5
 Manifold Assault         Tloc           3%         N/A       99%         5
 Iron Shot                Conj/Erth      8%         9d3       100%        6
 Spellforged Servitor     Conj/Summ      2%         N/A       100%        7


Dungeon Overview and Level Annotations

Branches:
Dungeon (4/15)
 Temple: D:4-7

Altars:
Cheibriados

Annotations:
D:2 Sigmund
D:3 exclusion: ogre


Innate Abilities, Weirdness & Mutations

You cannot wear most types of armour.
You are amphibious.
You can wear up to eight rings at the same time.
Your skin changes colour to match your surroundings (Stealth+).
Your rubbery body absorbs attacks. (AC +1, EV +1)
((You are camouflaged near water. (Stealth+)))
You have tentacles for arms and can constrict up to eight enemies at once.


Message History

You constrict the orc, but do no damage.
You feel very sick.
The orc hits you with a +1 short sword of venom.
You are lethally poisoned!
It was a potion of heal wounds.
You feel much better.
You constrict the orc, but do no damage.
You feel very sick. The orc misses you.
It was a potion of brilliance.
You feel clever all of a sudden.
You constrict the orc.
You feel very sick.
The orc hits you with a +1 short sword of venom.
You are more poisoned.
It was a potion of might.
You feel very mighty all of a sudden.
You constrict the orc, but do no damage.
* * * LOW HITPOINT WARNING * * *
You feel very sick. The adder skeleton barely misses you.
The orc completely misses you.
You puncture the orc!
You kill the orc!
* * * LOW HITPOINT WARNING * * *
You feel very sick. The adder skeleton bites you.
* * * LOW HITPOINT WARNING * * *
You are mighty.
You are brilliant.
You are lethally poisoned (3 -> -14).
You have 6 tentacles available for constriction.
Your movement speed is average.
Your attack delay is about 1.0.
Your base attributes are Str 7, Int 18, Dex 12.
Unknown command.
Unknown command.
Unknown command.
Okay, then.
You aren't carrying any potions.
Unknown command.
As you read the scroll labelled OTYIVO QUOQEKH, it crumbles to dust.
It is a scroll of enchant weapon.
Your +0 dagger glows red for a moment.
You die...

........(
........#
......... #.......
##......##
#........# ..
.......Z.## #.#
...>..)@..## ##..#
....####...###...#
. ##.......#
##.....## #
##...## # ##...##
## ##.....# ##.
#......## ##..
##†.###..#####..#


You could see an adder skeleton.

Vanquished Creatures
  An iguana (D:3)
  Natasha (D:2)
  A dart slug (D:1)
  2 orcs
  6 ball pythons
  6 bats
  6 endoplasms
  A giant cockroach (D:2)
  4 goblins
  3 hobgoblins
  2 quokkas
  A frilled lizard (D:2)
  4 kobolds
  6 rats
44 creatures vanquished.

Vanquished Creatures (others)
  A plant (D:1)
1 creature vanquished.

Grand Total: 45 creatures vanquished

Notes
Turn   | Place    | Note
-------+----------+-------------------------------------------
     0 | D:1      | CrazyMind the Octopode Earth Elementalist began the quest
                  | for the Orb.
     0 | D:1      | Reached XP level 1. HP: 11/11 MP: 3/3
   450 | D:1      | Reached XP level 2. HP: 10/17 MP: 0/5
   475 | D:1      | Found a faded altar of an unknown god.
   528 | D:1      | Learned a level 2 spell: Passwall
  1080 | D:1      | Reached XP level 3. HP: 21/21 MP: 6/6
  1084 | D:1      | Learned a level 3 spell: Stone Arrow
  1998 | D:2      | Noticed Natasha
  2001 | D:2      | Killed Natasha
  2002 | D:2      | Reached XP level 4. HP: 19/27 MP: 5/7
  2348 | D:2      | Noticed Sigmund
  3225 | D:3      | Noticed an ogre
  3336 | D:3      | Found a snail-covered altar of Cheibriados.
  3508 | D:4      | Succumbed to an orc's poison

Illustrated notes

Levels and vault maps discovered:
D:1:      wheals_arrival_linesprint, layout_basic,
          shapermc_ecumenical_altar_mp_ritualfount
D:2:      layout_loops_ring, uniq_sigmund, uniq_natasha
D:3:      layout_loops_ring, lemuel_coloured_pillars_altar, kennysheep_donut,
          moated_statue
D:4:      layout_layer_cave, nicolae_overflow_hidden_temple,
          lemuel_crystal_altar

Skill      XL: |  1  2  3  4 |
---------------+-------------+-----
Stealth        | 3 4 |  4.4
Earth Magic    | 4 |  4.0
Fighting       | |  0.5
Dodging        | |  2.1
Spellcasting   | |  2.4
Conjurations   | |  0.9
Transmutations | |  1.0

Action                   |  1- 3 |  4- 6 || total
-------------------------+-------+-------++-------
Melee: Spear             |     9 |       ||     9
       Constrict         |    13 |     4 ||    17
       Dagger            |    38 |    31 ||    69
       Unarmed           |     1 |       ||     1
       Tentacles         |     5 |     3 ||     8
 Cast: Sandblast         |    11 |     6 ||    17
  Use: Potion            |       |     3 ||     3
       Scroll            |       |     1 ||     1
 Stab: Sleeping          |    15 |     9 ||    24
Armor: Skin              |     4 |       ||     4
Dodge: Dodged            |    35 |    13 ||    48
